 Dungeon Crawl Stone Soup version 0.22.2-1-ge965b3aba3 (webtiles) character file.

81 das the Vexing (level 4, -3/33 HPs)
             Began as a Formicid Arcane Marksman on May 6, 2019.
             Slain by a centaur (6 damage)
             ... on level 3 of the Dungeon.
             The game lasted 00:13:27 (1754 turns).

das the Vexing (Formicid Arcane Marksman)           Turns: 1754, Time: 00:13:29

Health: -3/33      AC:  5    Str: 14    XL:     4   Next: 68%
Magic:  5/5        EV: 12    Int: 13    God:
Gold:   222        SH:  0    Dex: 12    Spells: 4/5 levels left

rFire    . . .     SeeInvis +   a - +0 hand crossbow
rCold    . . .     Gourm    .   (no shield)
rNeg     . . .     Faith    .   e - +0 robe
rPois    .         Spirit   .   (helmet unavailable)
rElec    .         Reflect  .   A - +2 cloak
rCorr    .         Harm     .   (no gloves)
MR       .....                  (no boots)
Stlth    +.........             (no amulet)
HPRegen  0.11/turn              (no ring)
MPRegen  0.09/turn              (no ring)

@: no status effects
A: permanent stasis, dig shafts and tunnels, four strong arms, antennae 3
a: Dig, Shaft Self


You were on level 3 of the Dungeon.
You were not hungry.

You visited 1 branch of the dungeon, and saw 3 of its levels.

You collected 222 gold pieces.

Inventory:

Hand Weapons
 a - a +0 hand crossbow (weapon)
 h - a +0 club
 i - a +0 spear
 p - a +0 longbow
 y - a cursed -2 spear
Missiles
 b - 109 stones (quivered)
 s - 13 arrows
 x - 24 sling bullets
Armour
 e - a +0 robe (worn)
 q - a cursed -1 ring mail
 u - a +0 scale mail
 w - a scarf of resistance
 A - a +2 cloak (worn)
Magical Staves
 z - an uncursed staff of conjuration {unknown}
Scrolls
 j - a scroll of identify {unknown}
 l - a scroll of fear {unknown}
 m - 2 scrolls of blinking {unknown}
 n - 2 scrolls of teleportation {unknown}
 r - a scroll of fog {unknown}
 v - 2 scrolls of magic mapping {unknown}
Potions
 c - 2 potions of heal wounds
 k - a potion of curing {unknown}
 o - a potion of berserk rage {unknown}
 t - a potion of resistance {unknown}
Comestibles
 f - 6 rations


   Skills:
 + Level 1.8 Fighting
 + Level 3.3 Crossbows
 + Level 2.5 Dodging
 + Level 1.2 Spellcasting
 + Level 4.0 Hexes


You had 4 spell levels left.
You knew the following spells:

 Your Spells              Type           Power        Failure   Level  Hunger
a - Corona                Hex            ##.....      5%          1    ##.....

Your spell library contained the following spells:

 Spells                   Type           Power        Failure   Level  Hunger
 Slow                     Hex            ##......     8%          2    ###....
 Inner Flame              Hex/Fire       #.......     36%         3    ####...
 Portal Projectile        Hex/Tloc       #.....       36%         3    ####...
 Cause Fear               Hex            ##........   45%         4    #####..
 Leda's Liquefaction      Hex/Erth       #.........   77%         4    #####..


Dungeon Overview and Level Annotations

Branches:
Dungeon (3/15)

Altars:
Gozag


Innate Abilities, Weirdness & Mutations

You cannot be hasted, slowed, berserked, paralysed or teleported.
You can dig through walls and to a lower floor.
Your four strong arms can wield two-handed weapons with a shield.
You have a pair of large antennae on your head. (SInv)


Message History

You shoot a bolt. The bolt barely misses the centaur.
The centaur stops glowing.
The centaur hits you. x2
* * * LOW HITPOINT WARNING * * *
You feel much better. The centaur misses you. The centaur hits you.
Firing (i - inventory. (/) - cycle)
d - a bolt (quivered)
Press: ? - help, Shift-Dir - straight line, f/p - centaur
Aim: a centaur (severely wounded)
You shoot a bolt. The bolt hits the centaur.
The centaur is severely wounded.
The centaur misses you. The centaur hits you!
Throwing (i - inventory)
b - 110 stones (quivered)
Press: ? - help, Shift-Dir - straight line, f/p - centaur
Aim: a centaur (severely wounded)
You throw a stone.
The stone hits the centaur but does no damage.
The centaur is severely wounded.
The centaur hits you!
* * * LOW HITPOINT WARNING * * *
The centaur hits you.
You die...

#..........# # #
###.##.#.#.### # .(
........#.#...# #
#...###.##.#.###.####
##..#.#..............
#.....#.##...##.#####
# #...##...........
##.####(##..###.#####
#(..@c(.##..#........
##########....#.####.
.........#.#......
#######..#.######<
###### ##


You could see a centaur.

Vanquished Creatures
  A gnoll (D:1)
  2 adders
  2 worms (D:2)
  4 dart slugs (D:2)
  2 leopard geckos (D:1)
  A ball python (D:3)
  5 giant cockroaches
  4 goblins
  5 hobgoblins
  A quokka (D:3)
  6 bats
  3 frilled lizards
  2 kobolds
  A rat (D:2)
39 creatures vanquished.

Notes
Turn   | Place    | Note
-------+----------+-------------------------------------------
     0 | D:1      | das the Formicid Arcane Marksman began the quest for the
                  | Orb.
     0 | D:1      | Reached XP level 1. HP: 15/15 MP: 2/2
    76 | D:1      | Reached XP level 2. HP: 18/21 MP: 3/3
   198 | D:1      | Reached XP level 3. HP: 26/26 MP: 4/4
   640 | D:2      | Reached skill level 4 in Hexes
   660 | D:2      | Found an opulent altar of Gozag.
   796 | D:2      | Reached XP level 4. HP: 32/32 MP: 5/5
  1736 | D:3      | Noticed a centaur
  1754 | D:3      | Slain by a centaur

Skill      XL: |  1  2  3  4 |
---------------+-------------+-----
Dodging        | 2 |  2.5
Hexes          | 4 |  4.0
Crossbows      | 3 |  3.3
Fighting       | |  1.8
Spellcasting   | |  1.2

Action                   |  1- 3 |  4- 6 || total
-------------------------+-------+-------++-------
Melee: Spear             |     1 |    19 ||    20
 Fire: Hand crossbow     |    46 |    51 ||    97
Throw: Stone             |       |     1 ||     1
 Cast: Corona            |     2 |     7 ||     9
  Use: Potion            |       |     2 ||     2
 Stab: Sleeping          |     1 |       ||     1
  Eat: Chunk             |       |     3 ||     3
Armor: Robe              |    10 |    12 ||    22
Dodge: Dodged            |    20 |    45 ||    65
